[Event "*** Titled Tuesday 3|2 Blitz"]
[Site "Chess.com"]
[Date "2016.02.02"]
[Round "4"]
[White "LuckyTiger"]
[Black "ChadaevNikolay"]
[Result "1-0"]
[WhiteElo "2508"]
[BlackElo "2516"]
[TimeControl "180+2"]
[EndTime "11:54:11 PST"]
[Termination "LuckyTiger won by resignation"]

1. e4 c5 2. c3 Nf6 3. e5 Nd5 4. Nf3 Nc6 5. Bc4 Nb6 6. Bb3 d6 7.
exd6 Qxd6 8. O-O Bf5 9. d4 cxd4 10. Nxd4 Nxd4 11. cxd4 e6 12. Qf3 Qc6 13. Qxc6+ bxc6 14. Be3 Bb4 15. a3 Bd6 16. Nd2 Kd7 17. Rfc1 Rab8 18. Bd1 Bd3 19. b4 Bb5 20. Ne4 Ra8 21. a4 Bd3 22.
Nc5+ Bxc5 23. dxc5 Nd5 24. b5 cxb5 25. c6+ Kc7 26.
Bd2 Rhc8 27. Bf3 a5 28. Bxd5 exd5 29. Bf4+ Kb6 30. Be3+ Kc7 31. axb5 Bxb5 32. Bf4+ Kb6 33. c7 a4 34. Be3+ Ka6 35. Rc5 f6 36. f3 Ra7 37. Rxb5 Kxb5 38. Bxa7 Rxc7 39. Rb1+ Ka6 40. Be3 Rc3 41. Kf2 a3 42. Bd4 Rc2+ 43. Ke3 a2 44.
Rb8 Rxg2 45. h4 Ka5 46. Kd3 Ka4 47. Bc3 Rf2 48. Ra8+ Kb5 49. Ke3 Rh2 50. h5 Kc4 51. Bd4 Kb3 52. Rb8+ Kc4 53. Rc8+ Kb4 54. Rb8+ Ka5 55.
Ra8+ Kb5 56. Kd3 h6 57. Ra7 Rg2 58. Ra8 Kc6 59. Bc3 Kd6 60. Bd2 Rh2 61. Bf4+ 1-0

[Event "*** Titled Tuesday 3|2 Blitz"]
[Site "Chess.com"]
[Date "2016.02.02"]
[Round "4"]
[White "Alexander_Donchenko"]
[Black "E-Shaposhnikov"]
[Result "1/2-1/2"]
[WhiteElo "2528"]
[BlackElo "2509"]
[TimeControl "180+2"]
[EndTime "11:54:12 PST"]
[Termination "Game drawn by repetition"]

1. d4 Nf6 2. c4 e6 3. g3 d5 4. Bg2 Bb4+ 5. Nd2 O-O 6. Nf3 dxc4 7. Qc2 Nc6 8. Qxc4 Bd6 9. O-O e5 10. dxe5 Nxe5 11. Nxe5 Bxe5 12. Nf3 Bd6 13. Be3 Be6 14. Qh4 h6 15. Rfd1 Ng4 16. Qxd8 Rfxd8 17. Bd4 c6 18.
Bc3 Bc5 19. Nd4 Bd5 20. e4 Bc4 21. b3 Ba6 22. h3 Ne5 23. Nf5 f6 24. Bd4 Be2 25.
Re1 Rxd4 26. Rxe2 Rd3 27. Rc1 Bb6 28. Kf1 Rad8 29. f4 Nf3 30. Bxf3 Rxf3+ 31. Kg2 Rdd3 32.
Rf1 Rxf1 33. Kxf1 g6 34. Nxh6+ Kg7 35. Ng4 Rxg3 36. Rd2 Rf3+ 37. Kg2 Rxf4 38. Rd7+ Kf8 39. Rxb7 Bd4 40. Rd7 Rxe4 41. Rd6 f5 42. Nf2 Bxf2 43.
Kxf2 Kg7 44. Rxc6 Kh6 45. Rc7 a5 46. Ra7 Re5 47. Kf3 Kg5 48. Ra6 Kh5 49. Ra8 Kg5 50. Ra6 Rc5 51. h4+ Kh5 52. Kf4 Rd5 53. Ke3 Re5+ 54. Kf3 Rc5 55. Kf4 Rd5 56. Ke3 Re5+ 57.
Kf3 Rb5 58. Ke3 Rc5 59. Kf4 1/2-1/2

[Event "*** Titled Tuesday 3|2 Blitz"]
[Site "Chess.com"]
[Date "2016.02.02"]
[Round "4"]
[White "Matibar"]
[Black "BartoszSocko"]
[Result "1/2-1/2"]
[WhiteElo "2507"]
[BlackElo "2710"]
[TimeControl "180+2"]
[EndTime "11:54:17 PST"]
[Termination "Game drawn by agreement"]

1. e4 e6 2. d3 d5 3. Qe2 dxe4 4. dxe4 e5 5. Nf3 Bd6 6. g3 Ne7 7. Nbd2 O-O 8. Nc4 Nbc6 9. c3 Be6 10. Ng5 Bd7 11. Bg2 h6 12. Nxd6 cxd6 13. Nf3 Bg4 14. O-O Qd7 15. Be3 Kh8 16. Rad1 f5 17. h3 Bh5 18. Nxe5 Bxe2 19. Nxd7 Rfd8 20. Rxd6 Bxf1 21.
Kxf1 Nb8 22. Ne5 Rxd6 23. Nf7+ Kg8 24. Nxd6 Nbc6 25. exf5 Rd8 26. Bf4 Rd7 27. g4 b6 28.
Ke2 Nd8 29. Nc4 Nf7 30. Ne3 Nd6 31. c4 Ne8 32. Bd5+ Nxd5 33. Nxd5 b5 34. Kd3 Nf6 35. b3 bxc4+ 36. bxc4 Nxd5 37. cxd5 Rxd5+ 38. Kc4 Rd1 39. Be3 a6 40. a4 Rh1 41. f6 g5 42. Kc5 Rxh3 43. Kb6 Rh4 44. Kxa6 Rxg4 45.
Kb5 Rg1 46. Bd4 Rd1 47. Kc5 h5 48. a5 Rd2 49. a6 Ra2 50. Kb6 h4 51. a7 g4 52. Be5 Kf7 53. Kb7 h3 54. a8=Q Rxa8 55. Kxa8 Ke6 56. Kb8 Kxe5 57. f7 h2 58. f8=Q h1=Q 59.
Qe7+ Kf5 60. Qf7+ Kg5 61. Qg7+ Kf5 62. Qf7+ Kg5 63. Qg7+ 1/2-1/2

[Event "*** Titled Tuesday 3|2 Blitz"]
[Site "Chess.com"]
[Date "2016.02.02"]
[Round "4"]
[White "oggy1984"]
[Black "Viaje"]
[Result "1-0"]
[WhiteElo "2178"]
[BlackElo "2133"]
[TimeControl "180+2"]
[EndTime "11:54:42 PST"]
[Termination "oggy1984 won by resignation"]

1. c4 c5 2. Nc3 Nc6 3. Nf3 e5 4. g3 g6 5. Bg2 Bg7 6. O-O d6 7. d3 Nge7 8. Ne1 Be6 9. Nc2 d5 10. cxd5 Nxd5 11. Ne3 Nde7 12. Ne4 b6 13. Ng5 Bc8 14. Qa4 Bd7 15. Qb3 O-O 16. Bd2 h6 17. Ne4 Nd4 18. Qd1 f5 19. Nc3 Bc6 20. Bxc6 Nexc6 21. Ned5 Nb4 22. Nxb4 cxb4 23. Nb1 a5 24. e3 Nc6 25. Qb3+ Kh7 26. Rc1 Rc8 27. a3 Qd6 28. axb4 axb4 29. Ra6 f4 30. Rxb6 f3 31. Qd1 Qd7 32.
Qf1 e4 33. d4 h5 34. Bxb4 Nxb4 35. Rxb4 h4 36. Rbc4 Rxc4 37. Rxc4 Rb8 38. b4 Bf8 39. Nc3 Qe6 40. d5 Qe5 41. Nxe4 Rxb4 42. Rxb4 Bxb4 43. Qb1 hxg3 44. hxg3 Be7 45. Kh2 Qh5+ 46. Kg1 Qe5 47. Qd3 Kg8 48. d6 Qa1+ 49. Qf1 Qe5 50. dxe7 Qxe4 51.
Qd1 Qxe7 52. Qxf3 Kg7 53. Kg2 Qe5 54. g4 g5 55. Qf5 Qe7 56. Kf3 Qb7+ 57. Qe4 Qd7 58.
Kg3 Qc7+ 59. f4 gxf4+ 60. exf4 Qc3+ 61. Kh4 Qd2 62. Kg5 Qa5+ 63. Qe5+ Qxe5+ 64. fxe5 Kf7 65. Kf5 Ke7 66. g5 1-0

[Event "*** Titled Tuesday 3|2 Blitz"]
[Site "Chess.com"]
[Date "2016.02.02"]
[Round "4"]
[White "Zazuliak"]
[Black "DanielRensch"]
[Result "1/2-1/2"]
[WhiteElo "2306"]
[BlackElo "2347"]
[TimeControl "180+2"]
[EndTime "11:55:53 PST"]
[Termination "Game drawn by repetition"]

1. d4 Nf6 2. c4 e6 3. Nc3 Bb4 4. Qc2 O-O 5. a3 Bxc3+ 6. Qxc3 b5 7. cxb5 c6 8. Bg5 cxb5 9. e3 Bb7 10. Nf3 a6 11. Bd3 d6 12. O-O Nbd7 13. Rfc1 Rc8 14. Qb4 Bxf3 15. gxf3 Qb6 16. Qd2 h6 17. Bh4 e5 18. Bf5 Rxc1+ 19. Rxc1 exd4 20. exd4 Qb7 21. Qf4 Qd5 22. Bxd7 Nxd7 23. Bg3 Nf6 24. Qxd6 Qxf3 25. Qf4 Qd5 26. Qe5 Qf3 27. Qe3 Qd5 28. Rc5 Qd7 29.
Rc7 Qh3 30. Be5 Qg4+ 31. Qg3 Qd1+ 32. Kg2 Nh5 33. Qf3 Qxf3+ 34. Kxf3 f6 35. Bd6 Rd8 36. Bc5 f5 37. Rc6 g5 38. Rxh6 g4+ 39. Ke3 Re8+ 40.
Kd2 Nf4 41. Kc3 Re2 42. d5 Nxd5+ 43. Kd4 Nf4 44. Kc3 Kf7 45. Rxa6 Ne6 46. Ba7 f4 47. Rb6 Re5 48. Rb7+ Kg6 49. Kb4 Rh5 50. Rb6 Kf6 51.
Rxb5 Rxh2 52. a4 g3 53. fxg3 fxg3 54. a5 Rh4+ 55. Ka3 g2 56. Rb3 Rg4 57. a6 Nc7 58.
Bd4+ Rxd4 59. Rg3 Nxa6 60. Rxg2 Nc5 61. b4 Rd3+ 62. Ka2 Na4 63. Rc2 Ke5 64. b5 Nc3+ 65. Kb3 Nd5+ 66. Kc4 Rd1 67. Kc5 Ke6 68. b6 Rb1 69. Re2+ Kd7 70. Rd2 Ke6 71. Re2+ Kd7 72. Rd2 Ke6 73. Re2+ Kd7 1/2-1/2

[Event "*** Titled Tuesday 3|2 Blitz"]
[Site "Chess.com"]
[Date "2016.02.02"]
[Round "4"]
[White "Journey_to_GrandMaster_YT"]
[Black "HovmoellerHest"]
[Result "0-1"]
[WhiteElo "2261"]
[BlackElo "2168"]
[TimeControl "180+2"]
[EndTime "11:56:10 PST"]
[Termination "HovmoellerHest won by checkmate"]

1. d4 Nf6 2. c4 e6 3. Nc3 Bb4 4.
Qc2 O-O 5. e4 Bxc3+ 6. bxc3 d6 7. Bd3 e5 8. Ne2 c5 9. O-O Nbd7 10. d5 Re8 11. g3 Nf8 12. f4 Bg4 13. f5 Bxe2 14.
Qxe2 h6 15. g4 N6h7 16. Qf2 Qe7 17. Kh1 g5 18. Kg2 f6 19. Rh1 Qc7 20. h4 Re7 21. hxg5 hxg5 22. Be3 Rb8 23. Rh6 a6 24. Rah1 b5 25.
cxb5 axb5 26. Kf3 b4 27. cxb4 Rxb4 28. Qh2 Ra4 29. Bb1 Rg7 30. Qb2 Qb7 31. Qc3 Qa8 32.
R1h2 Rb7 33. Rb2 Ra3 34. Qc1 Rxe3+ 35. Kf2 Qa3 36. Rc2 Rf3+ 37. Kg2 Rg3+ 38. Kh2 Qxc1 39. Rxc1 Rxg4 40. Bc2 Rh4+ 41. Rxh4 gxh4 42. Kh3 Ng5+ 43.
Kxh4 Rb4 44. Rg1 Kf7 45. Rg4 Nd7 46. Kh5 Rb8 47. Kh4 Nb6 48. Kg3 Nc4 49. Bb3 Nd2 50.
Rh4 Nxb3 51. axb3 Rxb3+ 52. Kf2 Rb2+ 53. Ke3 Rb3+ 54. Kd2 Rb4 55. Kd3 Rd4+ 56. Ke3 c4 57.
Rg4 c3 58. Rg2 Nxe4 59. Rc2 Rd2 60. Rc1 Ra2 61. Kxe4 Ra4+ 62. Ke3 Rc4 63. Kd3 Rc5 64. Ke4 Ke7 65. Ke3 Kd7 66. Ke4 c2 67. Ke3 Kc7 68. Kd2 Kb6 69. Ke3 Kb5 70. Ke4 Rc4+ 71. Kd3 Kc5 72. Kd2 Kxd5 73. Kd3 Kc5 74. Kd2 d5 75. Kd3 e4+ 76. Kd2 d4 77. Ke2 Kd5 78. Kd2 Ke5 79. Ke2 Kxf5 80. Kd2 Ke5 81. Ke2 f5 82. Kd2 f4 83. Ke2 d3+ 84. Kd2 Kd4 85. Ke1 e3 86. Ra1 d2+ 87. Ke2 c1=Q 88. Ra8 d1=Q# 0-1

[Event "*** Titled Tuesday 3|2 Blitz"]
[Site "Chess.com"]
[Date "2016.02.02"]
[Round "5"]
[White "Quiet_Desperation"]
[Black "Saitama_Hero"]
[Result "0-1"]
[WhiteElo "2100"]
[BlackElo "2087"]
[TimeControl "180+2"]
[EndTime "11:59:44 PST"]
[Termination "Saitama_Hero won by resignation"]

1. e4 c5 2. Nf3 g6 3. d3 Bg7 4. g3 Nc6 5. Bg2 Nf6 6. O-O O-O 7. c3 d6 8. Re1 Rb8 9. Nbd2 b5 10. h4 b4 11. Nf1 bxc3 12. bxc3 Ng4 13. Bd2 Ba6 14. Qc2 Nge5 15. Nxe5 Nxe5 16. c4 Nc6 17. Bc3 Nd4 18. Bxd4 Bxd4 19. Rab1 Qa5 20.
Ne3 e6 21. h5 Rb6 22. Rxb6 Qxe1+ 0-1

[Event "*** Titled Tuesday 3|2 Blitz"]
[Site "Chess.com"]
[Date "2016.02.02"]
[Round "5"]
[White "RamonManon0g"]
[Black "StellarChessPro"]
[Result "0-1"]
[WhiteElo "2121"]
[BlackElo "2224"]
[TimeControl "180+2"]
[EndTime "11:59:58 PST"]
[Termination "StellarChessPro won by resignation"]

1. d4 d5 2. Bg5 c5 3. dxc5 f6 4. Bh4 e5 5. e4 d4 6. Bc4 Bxc5 7.
Bxg8 Rxg8 8. Qh5+ Kf8 9. Qxh7 Nc6 10. Nf3 Be6 11. O-O Qd7 12. Nbd2 Ne7 13. Nb3 Bd6 14. Rad1 Bf7 15. Bg3 Bg6 16. Qh4 Kf7 17. Qh3 Qxh3 18. gxh3 Bxe4 19. Nfd2 Bxc2 20. Rc1 Bxb3 21. Nxb3 Rac8 22.
Nxd4 exd4 23. Bxd6 Nf5 24. Bb4 Ke6 25. Rfe1+ Kd5 26.
Rcd1 Rge8 27. Kf1 b5 28. Re2 Rxe2 29. Kxe2 Rc2+ 30. Kf3 Rxb2 0-1

[Event "*** Titled Tuesday 3|2 Blitz"]
[Site "Chess.com"]
[Date "2016.02.02"]
[Round "5"]
[White "Sawyer2908"]
[Black "Colombiano07"]
[Result "1-0"]
[WhiteElo "2272"]
[BlackElo "2164"]
[TimeControl "180+2"]
[EndTime "12:01:22 PST"]
[Termination "Sawyer2908 won by resignation"]

1. e4 e6 2. d4 d5 3. Nc3 dxe4 4. Nxe4 Bd7 5. Nf3 Bc6 6. Bd3 Nd7 7. Qe2 Ngf6 8. Bg5 Be7 9. Bxf6 Nxf6 10. O-O-O Bxe4 11. Bxe4 Nxe4 12. Qxe4 Qd5 13. Qd3 Qxa2 14. Qb5+ Kf8 15.
Qxb7 Qd5 16. Qxd5 exd5 17. c3 Bd6 18. Kc2 Ke7 19. Ra1 a5 20. Ra4 Rhb8 21. Rha1 Rb5 22. b4 Rab8 23. Rxa5 c6 24. Ne1 Ke6 25. Nd3 Kf5 26.
Rxb5 Rxb5 27. Ra6 1-0

[Event "*** Titled Tuesday 3|2 Blitz"]
[Site "Chess.com"]
[Date "2016.02.02"]
[Round "5"]
[White "jcibarra"]
[Black "Danirod"]
[Result "1-0"]
[WhiteElo "2525"]
[BlackElo "2378"]
[TimeControl "180+2"]
[EndTime "12:01:29 PST"]
[Termination "jcibarra won by resignation"]

1. e4 c5 2. Nf3 g6 3. d4 cxd4 4. Nxd4 Bg7 5. Nc3 Nc6 6. Be3 Nf6 7. Bc4 Qa5 8. O-O O-O 9. Bb3 d6 10. Nd5 Nxd5 11. exd5 Nxd4 12. Bxd4 Bxd4 13. Qxd4 Bf5 14. Rfe1 Qc7 15. Re3 a5 16. Rae1 Qc5 17. Qxc5 dxc5 18. Rxe7 b5 19. c3 a4 20. Bd1 a3 21. b4 Rfc8 22. g4 Bb1 23. Bb3 Bd3 24. bxc5 Rxc5 25. Re8+ Rxe8 26. Rxe8+ Kg7 27. d6 Rxc3 28. d7 Rxb3 29.
axb3 1-0

[Event "*** Titled Tuesday 3|2 Blitz"]
[Site "Chess.com"]
[Date "2016.02.02"]
[Round "5"]
[White "rikyshi"]
[Black "chessloveyou"]
[Result "0-1"]
[WhiteElo "2062"]
[BlackElo "2098"]
[TimeControl "180+2"]
[EndTime "12:01:33 PST"]
[Termination "chessloveyou won by resignation"]

1. e4 c6 2. d4 d5 3. Nc3 dxe4 4.
Nxe4 Bf5 5. Ng3 Bg6 6. h4 h6 7.
Nf3 Nd7 8. h5 Bh7 9. Bd3 Bxd3 10. Qxd3 e6 11. c4 Bb4+ 12. Bd2 Bxd2+ 13. Qxd2 Ngf6 14. O-O-O Qc7 15. Rhe1 O-O 16. Ne5 Rad8 17. f4 b5 18. cxb5 cxb5+ 19. Kb1 Nb6 20. Qf2 Nc4 21. f5 Nxe5 22. Rxe5 Ng4 23. Qe2 Nxe5 24. dxe5 Rxd1+ 25. Qxd1 Qxe5 26. Qf3 Rc8 27. a3 Qd5 28. Qf2 a5 29. fxe6 Qxe6 30. Nf5 b4 31. g4 b3 32.
Qd2 Qe4+ 0-1

[Event "*** Titled Tuesday 3|2 Blitz"]
[Site "Chess.com"]
[Date "2016.02.02"]
[Round "5"]
[White "Winehouse83"]
[Black "MateusViageiro"]
[Result "1-0"]
[WhiteElo "2298"]
[BlackElo "2160"]
[TimeControl "180+2"]
[EndTime "12:01:33 PST"]
[Termination "Winehouse83 won by resignation"]

1. d4 Nf6 2. c4 e6 3. Nf3 b6 4. a3 Bb7 5. Nc3 d5 6. cxd5 Nxd5 7. Qc2 Nd7 8. e4 Nxc3 9. bxc3 Be7 10. Bd3 O-O 11. Bb2 Re8 12. O-O Rc8 13. Qe2 c5 14.
Nd2 Qc7 15. f4 Red8 16. f5 exf5 17. Rxf5 cxd4 18. cxd4 Qd6 19. e5 Qe6 20. Raf1 Rf8 21. Ne4 Bd5 22. Rh5 Rfe8 23. Rxh7 Bc4 24. Qh5 1-0

[Event "*** Titled Tuesday 3|2 Blitz"]
[Site "Chess.com"]
[Date "2016.02.02"]
[Round "5"]
[White "MITerryble"]
[Black "Matibar"]
[Result "1-0"]
[WhiteElo "2621"]
[BlackElo "2492"]
[TimeControl "180+2"]
[EndTime "12:01:49 PST"]
[Termination "MITerryble won by resignation"]

1. d4 f5 2. g3 Nf6 3. Bg2 g6 4. Nh3 Bg7 5. Nf4 Nc6 6. h4 d6 7. d5 Ne5 8. h5 c6 9. Nc3 Qb6 10. h6 Bf8 11. Be3 Qxb2 12. Bd4 Qb4 13. Rb1 Qa5 14.
dxc6 Nxc6 15. Bxf6 exf6 16. Nd5 Kf7 17. Kf1 g5 18. e3 Qd8 19. Qh5+ Ke6 20. Nb5 1-0

[Event "*** Titled Tuesday 3|2 Blitz"]
[Site "Chess.com"]
[Date "2016.02.02"]
[Round "5"]
[White "maciek_92"]
[Black "Er_is_geen_hoop_meer"]
[Result "1-0"]
[WhiteElo "2470"]
[BlackElo "2306"]
[TimeControl "180+2"]
[EndTime "12:01:59 PST"]
[Termination "maciek_92 won by resignation"]

1. d4 Nf6 2. c4 g6 3. Nc3 Bg7 4. e4 d6 5. Nf3 O-O 6. Be2 e5 7. O-O Nc6 8. d5 Ne7 9. b4 a5 10. Ba3 axb4 11. Bxb4 b6 12. a4 Re8 13. a5 c5 14. dxc6 Nxc6 15. Bxd6 Rxa5 16. Rxa5 bxa5 17. c5 Bg4 18. Qa4 Bxf3 19. Qxc6 Bxe2 20. Nxe2 Qc8 21.
Qa4 Bf8 22. Rd1 Rd8 23. Ng3 h5 24. h4 Ng4 25. Qxa5 Bxd6 26. cxd6 Qc2 27. Qxd8+ Kh7 28. Rf1 f5 29. Qe7+ Kh6 30. exf5 e4 31. Qg5+ Kg7 32.
Qxg6+ Kf8 33. d7 1-0

[Event "*** Titled Tuesday 3|2 Blitz"]
[Site "Chess.com"]
[Date "2016.02.02"]
[Round "5"]
[White "Rating-Schmating"]
[Black "the_drake"]
[Result "1-0"]
[WhiteElo "2153"]
[BlackElo "2003"]
[TimeControl "180+2"]
[EndTime "12:02:36 PST"]
[Termination "Rating-Schmating won by checkmate"]

1. e4 e5 2. Nf3 Nc6 3. d4 exd4 4.
Nxd4 Nf6 5. Nxc6 bxc6 6. e5 Qe7 7. Qe2 Nd5 8. c4 Ba6 9. Nd2 g6 10. b3 Bg7 11. Bb2 Nb4 12. Nf3 O-O 13. a3 Nd5 14. Qc2 Nb6 15. O-O-O d5 16. exd6 cxd6 17. Bd3 d5 18. cxd5 Bxd3 19. Qxd3 cxd5 20. Bxg7 Kxg7 21. Kb2 Rac8 22. Rhe1 Qf6+ 23. Qd4 Rfe8 24. Qxf6+ Kxf6 25. Nd4 Re4 26. Rxe4 dxe4 27. Nb5 Ke5 28. Nxa7 Rc5 29.
b4 Rc7 30. Nb5 Rb7 31. Nc3 f5 32. Rd8 Rc7 33. Kb3 Nc4 34. Re8+ Kd6 35. Nb5+ Kd7 36. Nxc7 Nd6 37. Rh8 Kxc7 38. Rxh7+ Kc6 39. a4 f4 40. Rg7 e3 41. fxe3 fxe3 42. b5+ Kd5 43. Re7 Ne4 44. Kc2 e2 45. Rxe4 Kxe4 46. Kd2 e1=Q+ 47. Kxe1 g5 48. b6 g4 49. b7 g3 50.
b8=Q gxh2 51. Qxh2 Ke3 52. Qe5+ Kd3 53. Qf4 Kc2 54.
Qe3 Kb2 55. Qd3 Kc1 56. Qd2+ Kb1 57. Ke2 Ka1 58. Kd3 Kb1 59. Kc3 Ka1 60. Qb2# 1-0

[Event "*** Titled Tuesday 3|2 Blitz"]
[Site "Chess.com"]
[Date "2016.02.02"]
[Round "5"]
[White "lorcho"]
[Black "tigra"]
[Result "1-0"]
[WhiteElo "2637"]
[BlackElo "2391"]
[TimeControl "180+2"]
[EndTime "12:02:42 PST"]
[Termination "lorcho won by resignation"]

1. e4 c5 2. Nc3 Nc6 3. g3 g6 4. Bg2 Bg7 5. d3 e6 6. Be3 b6 7. f4 Nge7 8. Nf3 d5 9. Bf2 O-O 10. O-O dxe4 11. dxe4 Ba6 12. Re1 Qxd1 13. Rexd1 Bxc3 14. bxc3 Rfd8 15. e5 Be2 16. Rd6 Na5 17. Ng5 Rac8 18.
Re1 Bc4 19. Ne4 Bxa2 20. Nf6+ Kg7 21. g4 Rxd6 22. exd6 Kxf6 23. Bh4+ Kg7 24. Bxe7 Bc4 25. d7 Rg8 26. d8=Q Rxd8 27. Bxd8 Bb5 28. g5 Nc4 29.
Bf6+ Kf8 30. Bf1 1-0

[Event "*** Titled Tuesday 3|2 Blitz"]
[Site "Chess.com"]
[Date "2016.02.02"]
[Round "5"]
[White "Boryboy"]
[Black "spectralsoul"]
[Result "1-0"]
[WhiteElo "2507"]
[BlackElo "2551"]
[TimeControl "180+2"]
[EndTime "12:02:50 PST"]
[Termination "Boryboy won by resignation"]

1. d4 Nf6 2. Nf3 e6 3. c4 b6 4. g3 Ba6 5. Qa4 Bb7 6. Bg2 c5 7. d5 exd5 8. Nh4 Bc6 9. Qc2 dxc4 10. e4 b5 11. O-O d6 12. a4 a6 13. Rd1 Nbd7 14. Bf4 Qc8 15. Nf5 Ne5 16. Nxd6+ Bxd6 17. Rxd6 Nfd7 18. Bh3 Qc7 19. Bxd7+ Bxd7 20. Bxe5 O-O 21.
Nc3 Qb7 22. Nd5 Be6 23. Qd2 Bxd5 24. Qxd5 Qe7 25. axb5 1-0

[Event "*** Titled Tuesday 3|2 Blitz"]
[Site "Chess.com"]
[Date "2016.02.02"]
[Round "5"]
[White "davidarenas1224"]
[Black "Jahonas"]
[Result "0-1"]
[WhiteElo "2135"]
[BlackElo "2169"]
[TimeControl "180+2"]
[EndTime "12:02:50 PST"]
[Termination "Jahonas won by resignation"]

1. e4 c5 2. Nf3 d6 3. d4 cxd4 4. Nxd4 Nf6 5. Nc3 a6 6. Be2 e6 7.
O-O Be7 8. f4 O-O 9. Be3 Qc7 10. g4 Nc6 11. g5 Nd7 12. a4 Nxd4 13. Qxd4 b6 14. Bf3 Bb7 15. Rad1 e5 16. Qd2 exf4 17.
Bxf4 Ne5 18. Bg2 Rac8 19. Kh1 Nc4 20. Qc1 Nxb2 21. Qxb2 Qxc3 22. Qxb6 Qc6 23. Rb1 Ba8 24. a5 Qxc2 25. Rbc1 Qe2 26. Rce1 Qg4 27. h3 Qe6 28. Qxa6 Rc4 29. e5 Qxh3+ 0-1

[Event "*** Titled Tuesday 3|2 Blitz"]
[Site "Chess.com"]
[Date "2016.02.02"]
[Round "5"]
[White "tac49"]
[Black "kesarev"]
[Result "1-0"]
[WhiteElo "2462"]
[BlackElo "2174"]
[TimeControl "180+2"]
[EndTime "12:03:08 PST"]
[Termination "tac49 won by resignation"]

1. e4 c5 2. Nf3 e6 3. g3 d5 4. exd5 exd5 5. Bg2 Nf6 6. O-O Be7 7. d4 O-O 8. Nc3 Nc6 9. dxc5 Bxc5 10. Bg5 Be6 11. Bxf6 Qxf6 12. Nxd5 Qxb2 13. Rb1 Qxa2 14. Ng5 Bf5 15.
Rxb7 Rad8 16. Ne4 Bxe4 17. Bxe4 Nb4 18. Nf6+ Kh8 19. Qh5 h6 20. Qf5 g6 21. Qxc5 Qe6 22.
Qxb4 Qxf6 23. Rxa7 Rfe8 24. Bd3 1-0

[Event "*** Titled Tuesday 3|2 Blitz"]
[Site "Chess.com"]
[Date "2016.02.02"]
[Round "5"]
[White "Viaje"]
[Black "madalin18"]
[Result "0-1"]
[WhiteElo "2115"]
[BlackElo "2013"]
[TimeControl "180+2"]
[EndTime "12:03:13 PST"]
[Termination "madalin18 won by checkmate"]

1. d4 Nf6 2. c4 g6 3. Nc3 Bg7 4. e4 d6 5. Be2 O-O 6. Nf3 e5 7. O-O Nc6 8. d5 Ne7 9. Ne1 Nd7 10. f3 f5 11. g4 a5 12. Nd3 b6 13. Bd2 Ba6 14.
b3 Kh8 15. Rb1 Ng8 16. g5 f4 17. h4 h6 18. Kf2 hxg5 19. Rh1 gxh4 20. Qg1 g5 21. a3 Nh6 22. Nb2 Bf6 23. b4 Bc8 24. Nd3 Rg8 25. Qc1 g4 26. c5 g3+ 27. Kg2 Nf8 28.
cxb6 h3+ 29. Rxh3 Bxh3+ 30. Kxh3 g2 31. b7 Qe8 32. Kh2 g1=Q+ 33. Qxg1 Qh5# 0-1

[Event "*** Titled Tuesday 3|2 Blitz"]
[Site "Chess.com"]
[Date "2016.02.02"]
[Round "5"]
[White "igorkovalenko"]
[Black "LuckyTiger"]
[Result "1-0"]
[WhiteElo "2548"]
[BlackElo "2490"]
[TimeControl "180+2"]
[EndTime "12:03:19 PST"]
[Termination "igorkovalenko won by resignation"]

1. d4 Nf6 2. c4 c5 3. dxc5 Na6 4. g3 Nxc5 5. Bg2 d6 6. Nc3 g6 7. Be3 Qa5 8. a3 Ne6 9. Nh3 Bg7 10. O-O O-O 11. b4 Qe5 12. Rc1 Ng4 13. Bd2 Qh5 14. Nd5 Re8 15. f3 Nf6 16. Bc3 Nxd5 17. cxd5 Nf8 18.
Nf4 Qh6 19. e4 Bxc3 20. Rxc3 Qg7 21. Rc7 Rb8 22. Qd2 Bd7 23. Rfc1 Bb5 24. Bf1 Bxf1 25.
Kxf1 Qe5 26. Ne2 h5 27. Qd4 Qg7 28. Qxg7+ Kxg7 29. a4 a6 30. Kf2 Kf6 31. h4 e6 32.
Nf4 Re7 33. dxe6 Nxe6 34. Nd5+ 1-0

[Event "*** Titled Tuesday 3|2 Blitz"]
[Site "Chess.com"]
[Date "2016.02.02"]
[Round "5"]
[White "AndrewMcStone"]
[Black "Nutflush"]
[Result "0-1"]
[WhiteElo "2002"]
[BlackElo "1898"]
[TimeControl "180+2"]
[EndTime "12:03:26 PST"]
[Termination "Nutflush won by resignation"]

1. d4 Nf6 2. c4 e6 3. Nc3 Bb4 4. f3 d5 5. a3 Bxc3+ 6. bxc3 O-O 7. cxd5 Nxd5 8. e4 Ne7 9. Be3 c5 10. Bd3 Nd7 11. Ne2 Qc7 12. O-O b6 13. Qe1 Bb7 14. Rc1 Rac8 15. Qh4 Ng6 16. Qh3 cxd4 17. cxd4 Qd6 18.
a4 Qa3 19. Rcd1 Qxa4 20. f4 Nf6 21. f5 exf5 22. exf5 Ne7 23. Bg5 Ned5 24. Bb1 Rfe8 25. Nf4 Nxf4 26. Rxf4 Qxd1+ 27. Rf1 Qxd4+ 28. Kh1 0-1

[Event "*** Titled Tuesday 3|2 Blitz"]
[Site "Chess.com"]
[Date "2016.02.02"]
[Round "5"]
[White "Zkid"]
[Black "E-Shaposhnikov"]
[Result "0-1"]
[WhiteElo "2454"]
[BlackElo "2523"]
[TimeControl "180+2"]
[EndTime "12:03:30 PST"]
[Termination "E-Shaposhnikov won by resignation"]

1. e4 c5 2. Nf3 e6 3. d4 cxd4 4. Nxd4 a6 5. Nc3 Qc7 6. Bd3 Nf6 7. O-O Nc6 8. Nxc6 dxc6 9. f4 e5 10. f5 b5 11. Kh1 Bb7 12. a4 Be7 13. Qf3 h5 14. Qg3 Kf8 15. Bg5 Rd8 16. Qh4 Ng4 17.
f6 gxf6 18. Bd2 f5 19. Bg5 f4 20. g3 b4 21. Nb1 f6 22. gxf4 fxg5 23. fxg5+ Kg7 24. Nd2 c5 25. Nc4 Rd4 26. Rae1 Qd7 27. Qg3 Qe6 28. b3 Bxg5 29. Rf5 Qxf5 30. Kg1 Qf4 31. Qg2 Rxc4 32. Bxc4 Ne3 33. Qe2 Qxe4 0-1

[Event "*** Titled Tuesday 3|2 Blitz"]
[Site "Chess.com"]
[Date "2016.02.02"]
[Round "5"]
[White "kleinebeer98"]
[Black "nonsopolo1"]
[Result "1-0"]
[WhiteElo "2450"]
[BlackElo "2147"]
[TimeControl "180+2"]
[EndTime "12:03:34 PST"]
[Termination "kleinebeer98 won by resignation"]

1. e4 c5 2. Nf3 d6 3. d4 cxd4 4. Nxd4 Nf6 5. Nc3 g6 6. Be2 Bg7 7. O-O O-O 8. Kh1 Nc6 9. Be3 Bd7 10. f4 e5 11. Nb3 Be6 12. f5 Bxb3 13. axb3 a6 14.
Qd2 Nb4 15. Ra4 a5 16. Bc4 Kh8 17. Raa1 Nxe4 18. Nxe4 d5 19. f6 dxe4 20. fxg7+ Kxg7 21. Bh6+ Kh8 22. Qxd8 Rfxd8 23. Rxf7 b5 24. Be6 Rd6 25.
Re7 Rxe6 26. Rxe6 Nxc2 27. Rxa5 Rd8 28. Rd6 Rc8 29. Rxb5 e3 30. Rc5 Ra8 31. Ra5 Rc8 32. Rxe5 Nd4 33. Bxe3 Nf5 34. Rxf5 gxf5 35. h3 1-0

[Event "*** Titled Tuesday 3|2 Blitz"]
[Site "Chess.com"]
[Date "2016.02.02"]
[Round "5"]
[White "VSERGUEI"]
[Black "GeorgMeier"]
[Result "0-1"]
[WhiteElo "2427"]
[BlackElo "2677"]
[TimeControl "180+2"]
[EndTime "12:03:51 PST"]
[Termination "GeorgMeier won by checkmate"]

1. d4 e6 2. c4 b6 3. e4 Bb7 4.
Bd3 Nc6 5. Nf3 Nb4 6. Nc3 Nxd3+ 7. Qxd3 Ne7 8. h4 h5 9. Bg5 f6 10. Be3 d6 11. O-O-O Qd7 12. Kb1 a6 13. Rhe1 Rd8 14. Qc2 Kf7 15. c5 d5 16. e5 Nf5 17. Na4 Bc6 18.
Nc3 Rb8 19. cxb6 cxb6 20. Rc1 Be7 21. Qe2 a5 22. Bf4 Rbc8 23. Qd3 b5 24. Ne2 b4 25.
Ng3 Bb5 26. Qd2 Nxg3 27. fxg3 Rxc1+ 28. Rxc1 Rc8 29. Rxc8 Qxc8 30. b3 Qa6 31. Ne1 Be2 32. exf6 gxf6 33. Qc2 Bg4 34. Qh7+ Ke8 35. Qg8+ Kd7 36.
Qb8 Qe2 37. Nf3 Bf5+ 38. Ka1 Qd1+ 39. Kb2 Qb1# 0-1

[Event "*** Titled Tuesday 3|2 Blitz"]
[Site "Chess.com"]
[Date "2016.02.02"]
[Round "5"]
[White "kpio91"]
[Black "DrVitman"]
[Result "1-0"]
[WhiteElo "2506"]
[BlackElo "2188"]
[TimeControl "180+2"]
[EndTime "12:04:09 PST"]
[Termination "kpio91 won on time"]

1. e4 c5 2. Nf3 Nc6 3. d4 cxd4 4. Nxd4 e5 5. Nb5 a6 6. Nd6+ Bxd6 7. Qxd6 Qe7 8. Qd2 Nf6 9. Nc3 O-O 10. f3 Nd4 11.
Bd3 b5 12. O-O Bb7 13. Ne2 Nxe2+ 14. Qxe2 d5 15. exd5 Nxd5 16. a3 Rfe8 17. Bd2 g6 18. Rae1 Rac8 19. Qf2 Qc5 20. Qxc5 Rxc5 21. f4 f6 22.
fxe5 fxe5 23. Bh6 Rcc8 24. Re2 Nb6 25. Rfe1 Nd7 26. c3 Bd5 27. Rd2 Be6 28. Bc2 Rc6 29. h4 Bg4 30. Bb3+ Kh8 31. Rf1 Bf5 32. g4 Bxg4 33.
Rf7 Nc5 34. Re7 1-0